 Dungeon Crawl Stone Soup version 0.23.0-28-g6fe0f4d (webtiles) character file.

Game seed: 0

682 XSreality the Cleaver (level 7, -1/61 HPs)
             Began as a Hill Orc Monk on Feb 25, 2019.
             Slain by a wyvern (15 damage)
             ... on level 5 of the Dungeon.
             The game lasted 00:34:46 (5802 turns).

XSreality the Cleaver (Hill Orc Monk)               Turns: 5802, Time: 00:34:47

Health: -1/61      AC: 10    Str: 16    XL:     7   Next: 61%
Magic:  7/7        EV:  6    Int: 10    God:
Gold:   158        SH:  0    Dex: 13    Spells: 6/6 levels left

rFire    . . .     SeeInvis .   p - +0 hand axe
rCold    . . .     Gourm    .   (no shield)
rNeg     . . .     Faith    .   l - +0 chain mail
rPois    .         Spirit   .   e - +0 helmet
rElec    .         Reflect  .   t - +0 cloak
rCorr    .         Harm     .   (no gloves)
MR       +....                  (no boots)
Stlth    ..........             (no amulet)
HPRegen  0.20/turn              r - ring of protection from magic
MPRegen  0.10/turn              (no ring)

@: heavily drained
A: no striking features
a: no special abilities


You were on level 5 of the Dungeon.
You were not hungry.

You visited 1 branch of the dungeon, and saw 5 of its levels.

You collected 158 gold pieces.

Inventory:

Hand Weapons
 j - a +0 halberd
 p - a +0 hand axe (weapon)
 s - a cursed -3 dagger
Missiles
 q - 75 stones (quivered)
Armour
 a - a scarf of repulsion
 e - a +0 helmet (worn)
 l - a +0 chain mail (worn)
 t - a +0 cloak (worn)
 v - a +0 scale mail
Jewellery
 f - an uncursed amulet of faith
 r - a ring of protection from magic (left hand)
Wands
 n - a wand of flame (20)
Scrolls
 b - a scroll of noise {unknown}
 d - 2 scrolls of identify
 h - a scroll of magic mapping
 i - a scroll of fog {unknown}
 k - a scroll of teleportation {unknown}
 o - a scroll of blinking {unknown}
 x - a scroll of amnesia {unknown}
Potions
 g - 3 potions of heal wounds {unknown}
 m - 2 potions of haste {unknown}
 w - a potion of flight {unknown}
 z - a potion of brilliance {unknown}
Comestibles
 c - 6 rations


   Skills:
 + Level 5.0(2.3) Fighting
 * Level 8.5(5.5) Axes
 * Level 4.8(2.1) Armour
 - Level 2.7(0.2) Dodging
 - Level 1.5(0.0) Stealth


You had 6 spell levels left.
You didn't know any spells.
Your spell library contained the following spells:

 Spells                   Type           Power        Failure   Level  Hunger
 Animate Skeleton         Necr           N/A          100%        1    ##.....
 Apportation              Tloc           #.....       100%        1    ##.....
 Confusing Touch          Hex            #.....       100%        1    ##.....
 Summon Small Mammal      Summ           #...         100%        1    ##.....
 Confuse                  Hex            #.......     100%        3    ####...
 Gell's Gravitas          Tloc           #.........   100%        3    ####...
 Petrify                  Tmut/Erth      #.......     100%        4    #####..
 Metabolic Englaciation   Hex/Ice        #.........   100%        5    ######.
 Yara's Violent Unravell  Hex/Tmut       #.........   100%        5    ######.


Dungeon Overview and Level Annotations

Branches:
Dungeon (5/15)
 Temple: D:4-7

Altars:
Nemelex Xobeh
Yredelemnul

Annotations:
D:5 Dowan, Duvessa


Message History

The wyvern is moderately wounded.
The wyvern bites you but does no damage.
You hit the wyvern but do no damage.
The wyvern is moderately wounded.
The wyvern barely misses you. x2
You hit the wyvern.
The wyvern is heavily wounded.
The wyvern bites you.
* * * LOW HITPOINT WARNING * * *
You barely miss the wyvern.
The wyvern is heavily wounded.
The wyvern barely misses you.
The wyvern bites you but does no damage.
You barely miss the wyvern.
The wyvern is heavily wounded.
The wyvern bites you but does no damage. x2
You closely miss the wyvern.
The wyvern is moderately wounded.
The wyvern bites you!
You die...

....# .# #.
##...##.# # #.
#..... ..
#.#.##..#.# .#
#.......#.# .#
.........# .#
#.#...#.##.###
####.......l@...# .#
.(......<####.##...#
.# .######.## #.# ##
.##.######. #.#
........... #.#
........... ...
.."........ ..#
....##.##.. ..#
........... #..#


You could see a wyvern.

Vanquished Creatures
  Sigmund (D:3)
  Menkaure (D:4)
  2 ogres
  A centaur skeleton (D:4)
  Jessica (D:3)
  A worker ant (D:5)
  A hound zombie (D:3)
  4 adders
  4 gnolls
  An ooze (D:3)
  An adder skeleton (D:4)
  An orc (D:4)
  A ball python (D:1)
  6 bats
  4 giant cockroaches
  10 goblins
  8 hobgoblins
  2 quokkas
  A ball python skeleton (D:4)
  9 frilled lizards
  A jackal skeleton (D:4)
  8 kobolds
  7 rats
76 creatures vanquished.

Vanquished Creatures (others)
  4 toadstools (D:1)
4 creatures vanquished.

Grand Total: 80 creatures vanquished

Notes
Turn   | Place    | Note
-------+----------+-------------------------------------------
     0 | D:1      | XSreality the Hill Orc Monk began the quest for the Orb.
     0 | D:1      | Reached XP level 1. HP: 19/19 MP: 1/1
   294 | D:1      | Reached XP level 2. HP: 27/27 MP: 2/2
   665 | D:1      | Reached XP level 3. HP: 33/33 MP: 3/3
   764 | D:1      | Found a sparkling altar of Nemelex Xobeh.
  1404 | D:2      | Reached skill level 5 in Axes
  1693 | D:2      | Reached XP level 4. HP: 36/40 MP: 4/4
  1735 | D:2      | Reached skill level 1 in Armour
  2957 | D:3      | Noticed Jessica
  2964 | D:3      | Killed Jessica
  2964 | D:3      | Reached skill level 6 in Axes
  2964 | D:3      | Reached XP level 5. HP: 46/47 MP: 5/5
  2996 | D:3      | Found a basalt altar of Yredelemnul.
  3128 | D:3      | Noticed Sigmund
  3141 | D:3      | Killed Sigmund
  3141 | D:3      | Reached XP level 6. HP: 28/53 MP: 6/6
  3229 | D:3      | Reached skill level 7 in Axes
  4260 | D:4      | Reached XP level 7. HP: 32/60 MP: 7/7
  4424 | D:4      | Reached skill level 8 in Axes
  4509 | D:4      | Noticed Menkaure
  4796 | D:4      | Killed Menkaure
  4796 | D:4      | Reached skill level 5 in Fighting
  5273 | D:4      | Found a basalt altar of Yredelemnul.
  5344 | D:5      | Entered Level 5 of the Dungeon
  5518 | D:5      | Noticed Duvessa
  5518 | D:5      | Noticed Dowan
  5788 | D:5      | Noticed a wyvern
  5802 | D:5      | Slain by a wyvern

Skill      XL: |  1  2  3  4  5  6  7 |
---------------+----------------------+-----
Fighting       | 4 5 |  5.0
Axes           | 5 6 7 8 |  8.5
Armour         | 2 3 4 |  4.8
Dodging        | |  2.7
Stealth        | |  1.5

Action                   |  1- 3 |  4- 6 |  7- 9 || total
-------------------------+-------+-------+-------++-------
Melee: Hand axe          |   129 |   153 |    58 ||   340
Throw: Stone             |       |     4 |       ||     4
  Use: Scroll            |     1 |     3 |     1 ||     5
 Stab: Sleeping          |     3 |       |       ||     3
  Eat: Chunk             |     3 |     8 |     1 ||    12
       Ration            |       |       |     1 ||     1
Armor: Robe              |     7 |       |       ||     7
       Leather armour    |    13 |       |       ||    13
       Chain mail        |     9 |    64 |    30 ||   103
Dodge: Dodged            |    73 |    56 |    20 ||   149
